AoeStats
← Mr Leeroy Jenkins

Nomad

504773091Analyzed
2v2 RM · 25d ago on Sep 6, 2026· 26m 26s· 4 players
Game mode
Random Map
Map size
176×176
Population
200
Speed
Normal
Resources
Standard
Victory
Conquest
Starting age
Dark Age
Ending age
Imperial Age
RankedLock teamsTeams togetherTeam positionsShared explorationLock speedFull tech treeHidden civsTurbo modeCheats
Victory
Defeat
🇺🇸 Poles · United States
782
+17
🇺🇸 Cumans · United States
757
+18
🇪🇸 Malay · Spain
834
-18
🇫🇷 Turks · France
785
-17
Pouni
7:26 Loom
14:01 Feudal Age
17:14 Wheelbarrow
17:19 Double-Bit Axe
19:32 Fishing Lines
23:44 Forging
23:34 Scale Mail Armor
26:35 Castle Age
25:03 Stone Mining
guerras90
9:12 Loom
15:15 Feudal Age
27:02 Castle Age
25:40 Man-at-Arms
Mr Leeroy Jenkins
5:34 Loom
14:18 Feudal Age
15:14 Double-Bit Axe
18:00 Stone Mining
24:10 Castle Age
26:36 Medium Warships
26:48 Forging
26:44 Scale Barding Armor
kinchman
7:37 Loom
15:23 Feudal Age
16:16 Double-Bit Axe
19:34 Fletching
19:45 Scale Mail Armor
19:46 Padded Archer Armor
24:50 Castle Age
23:33 Stone Mining
23:37 Gold Mining
25:32 Bloodlines
25:32 Scale Barding Armor
26:06 Husbandry
26:38 Bow Saw
Connection lost

Rejoining the realm…

Still unreachable

The connection could not be restored.

Session expired

The server has moved on; the page needs a fresh start.